Map: Paladino Terminal LE

Players

SayWhatAgain - Winner!

  • Race: Zerg Zerg
  • League: Diamond
  • Spawn Location: 5:00

Crisper

  • Race: Zerg Zerg
  • League: Platinum
  • Spawn Location: 9:00

VOD

https://youtu.be/ftt7MkyWaRI

Description

Coping build order for zvz

Time

  • Played on: Feb. 26, 2017, 9:54 a.m.
  • Length: 6:23
Show
View Real Time Build Order
Export as new Build Order

SayWhatAgain Zerg - Winner!

Build Orders: Pool First 

Get SALT Encoding   

  12  0:02  Drone  
  13  0:14  Overlord  
  13  0:18  Drone  
  14  0:43  Spawning Pool  
  14  0:47  Extractor  
  12  0:52  Drone x2  
  12  0:53  Drone  
  15  1:26  Hatchery  
  14  1:47  Queen  
  14  1:50  Metabolic Boost  
  16  1:57  Drone x2  
  18  2:34  Roach Warren  
  16  2:43  Zergling x8  
  20  2:44  Queen  
  22  2:56  Zergling x2  
  22  2:57  Zergling x2  
  24  2:59  Drone  
  25  3:21  Roach  
  25  3:25  Zergling x2, Overlord  
  26  3:44  Zergling x6, Roach  
  28  3:58  Zergling x2  
  28  4:00  Roach x2  
  32  4:07  Drone  
  33  4:22  Zergling x2, Roach x2  
  35  4:37  Overlord  
  33  5:11  Zergling x10, Roach x3  
  41  5:33  Ravager x3  
  44  5:35  Overlord x2  
Show
View Real Time Build Order
Export as new Build Order

Crisper Zerg 

Build Orders: Pool First 

Get SALT Encoding   

  12  0:06  Drone  
  13  0:13  Drone  
  14  0:30  Overlord  
  14  0:57  Spawning Pool  
  14  0:59  Drone x3  
  16  1:10  Drone  
  17  1:13  Extractor  
  16  1:31  Hatchery  
  16  1:32  Drone  
  16  1:33  Drone  
  17  1:44  Queen  
  19  1:48  Zergling x2  
  20  1:59  Zergling x2  
  21  2:05  Zergling x2  
  22  2:42  Queen, Drone x2  
  22  2:43  Drone  
  27  2:47  Spine Crawler  
  26  2:54  Drone x2  
  26  2:56  Overlord  
  28  3:07  Overlord  
  28  3:13  Queen  
  30  3:21  Spine Crawler  
  30  3:23  Drone x2  
  24  3:48  Zergling x2  
  24  3:49  Zergling x4  
  25  4:05  Spine Crawler  
  22  4:18  Queen  
  22  4:25  Zergling x2  
  22  4:26  Zergling x4  
  25  4:36  Queen  
  26  4:41  Zergling x2  
  26  4:42  Spine Crawler  
  26  4:46  Zergling x4  
  26  4:47  Zergling x8  
  32  5:11  Queen  
  32  5:13  Zergling x2  
  35  5:27  Spine Crawler  
  32  5:40  Drone x3  
  32  5:42  Evolution Chamber  
Tags
 
Add a new tag
Caveats
  • Supply blocks, unpowered buildings, or Contaminate may cause inaccurate times.
  • Supply counts are checked every 10 seconds.